 Dungeon Crawl Stone Soup version 0.28-a0-861-ge64d6db94f (webtiles) character file.

Game seed: 6151357175322936760

409 dracfodder the Cudgeller (level 6, -20/60 HPs)
             Began as a Gargoyle Berserker on Nov 15, 2021.
             Was a Believer of Trog.
             Demolished by an ogre (23 damage)
             ... on level 4 of the Dungeon.
             The game lasted 00:12:00 (3410 turns).

dracfodder the Cudgeller (Gargoyle Berserker)       Turns: 3410, Time: 00:12:01

Health: -20/60     AC: 12    Str: 22    XL:     6   Next: 89%
Magic:  0/6        EV: 12    Int: 10    God:    Trog [**....]
Gold:   82         SH:  0    Dex:  9    Spells: 5/5 levels left

rFire   . . .      SeeInvis .   a - +0 mace
rCold   . . .      Faith    .   (no shield)
rNeg    + . .      Spirit   +   i - +1 leather armour
rPois   ∞          Reflect  .   (no helmet)
rElec   +          Harm     .   (no cloak)
rCorr   .          Rampage  .   (no gloves)
Will    ++...                   (no boots)
Stlth   ..........              d - amulet of guardian spirit
HPRegen 1.20/turn               (no ring)
MPRegen 0.10/turn               (no ring)

@: berserking, strong-willed, regenerating, very quick
A: sickness immunity, AC +4, negative energy resistance 1, electricity
resistance, torment resistance 1, petrification resistance, talons 1, iridescent
scales 2, clever 1
a: Renounce Religion, Berserk, Trog's Hand


You were on level 4 of the Dungeon.
You worshipped Trog.
Trog was pleased with you.
You visited 1 branch of the dungeon, and saw 4 of its levels.

You collected 132 gold pieces.
You spent 50 gold pieces at shops.

Inventory:

Hand Weapons
 a - a +0 mace (weapon)
Missiles
 c - 116 stones (quivered)
Armour
 i - a +1 leather armour (worn)
Jewellery
 d - an amulet of guardian spirit (around neck)
 k - a ring of ice
Wands
 j - a wand of charming (8)
 l - a wand of paralysis (6)
Scrolls
 h - a scroll of identify
Potions
 b - 4 potions of heal wounds
 e - a potion of curing
 f - a potion of lignification
 g - 2 potions of brilliance
 m - a potion of cancellation
 n - a potion of invisibility {unknown}


   Skills:
 + Level 5.0 Fighting
 + Level 5.3 Maces & Flails
 + Level 3.0 Armour
 + Level 2.6 Dodging
 + Level 2.1 Stealth


You had 5 spell levels left.
You didn't know any spells.
Your spell library was empty.

Dungeon Overview and Level Annotations

Branches:
Dungeon (4/15)
 Temple: D:4-7

Altars:

Shops:
D:2 !


Innate Abilities, Weirdness & Mutations

You are immune to sickness and miasma.
Your stone body is resilient. (AC +4)
You are immune to poison.
You resist negative energy. (rN+)
You are resistant to electric shocks. (rElec)
You are resistant to unholy torment.
You are immune to petrification.
You have sharp toenails.
You are mostly covered in iridescent scales. (AC +4)
Your mind is acute. (Int +2)


Message History

You are too injured to fight recklessly!
You are too injured to fight recklessly!
You are too injured to fight recklessly!
You are too injured to fight recklessly!
You are too injured to fight recklessly!
You are too injured to fight recklessly!
You are too injured to fight recklessly!
You are too injured to fight recklessly!
You are too injured to fight recklessly!
You are too injured to fight recklessly!
Things that are here:
a +0 short sword of venom; a +0 robe Unknown command.
There is a stone staircase leading up here.
Your skin crawls.
You feel strong-willed. The ogre closely misses you.
You barely miss the ogre.
The ogre is moderately wounded.
The ogre hits you with a +0 giant spiked club!!
* * * LOW HITPOINT WARNING * * *
You hit the ogre but do no damage.
The ogre is moderately wounded.
The ogre misses you.
You hit the ogre. You claw the ogre.
The ogre is heavily wounded.
The ogre closely misses you.
You hit the ogre.
The ogre is heavily wounded.
You barely miss the ogre.
The ogre is heavily wounded.
The ogre barely misses you.
A red film seems to cover your vision as you go berserk!
You feel yourself moving faster!
You feel mighty!
The ogre hits you with a +0 giant spiked club!
* * * LOW HITPOINT WARNING * * *
You hit the ogre.
The ogre is severely wounded.
The ogre hits you with a +0 giant spiked club!!
You die...

....................
.............##.....
....................
........#...........
..........).........
...........<........
####................
.........#O####...
≈≈≈≈≈≈≈...#@#
#≈≈≈##≈#.##.# ###
#≈#.#### ≈≈#. #≈ #.


You could see an ogre.

Vanquished Creatures
  Grinder (D:4)
  Blork the orc (D:4)
  An orc priest (D:3)
  An orc wizard (D:3)
  3 adders
  4 worms
  A dart slug (D:1)
  4 orcs (D:3)
  3 endoplasms
  A giant cockroach (D:2)
  6 goblins
  3 hobgoblins
  7 kobolds
  3 quokkas
  2 ball pythons
  6 bats
  3 frilled lizards
  6 rats
56 creatures vanquished.

Vanquished Creatures (others)
  2 ghouls (D:1)
  2 octopodes (D:1)
  A vine stalker (D:1)
  An elf (D:1)
  A troll (D:1)
  3 spriggans (D:1)
  A formicid (D:1)
  A gnoll (D:1)
  2 orcs (D:1)
  A kobold (D:1)
  4 tentacles (D:1)
19 creatures vanquished.

Grand Total: 75 creatures vanquished

Notes
Turn   | Place    | Note
-------+----------+-------------------------------------------
     0 | D:1      | dracfodder the Gargoyle Berserker began the quest for the
                  | Orb.
     0 | D:1      | Reached XP level 1. HP: 14/14 MP: 1/1
     2 | D:1      | Noticed a formicid
     2 | D:1      | Noticed a ghoul
     2 | D:1      | Noticed an elf
     2 | D:1      | Noticed an octopode
     2 | D:1      | Noticed a spriggan
     2 | D:1      | Noticed a spriggan
     2 | D:1      | Noticed a troll
     2 | D:1      | Noticed a kraken
     2 | D:1      | Noticed an octopode
     2 | D:1      | Noticed a spriggan
     2 | D:1      | Noticed a ghoul
     2 | D:1      | Noticed a vine stalker
     3 | D:1      | Killed a formicid
     5 | D:1      | Killed a spriggan
     6 | D:1      | Killed an octopode
     9 | D:1      | Killed an octopode
    11 | D:1      | Killed an elf
    11 | D:1      | Killed a spriggan
    11 | D:1      | Killed a troll
    15 | D:1      | Killed a spriggan
    15 | D:1      | Killed a ghoul
    19 | D:1      | Killed a ghoul
    20 | D:1      | Killed a vine stalker
   330 | D:1      | Found a faded altar of an unknown god.
   337 | D:1      | Reached XP level 2. HP: 14/19 MP: 2/2
  1345 | D:3      | Reached XP level 3. HP: 23/24 MP: 3/3
  1653 | D:3      | Reached skill level 1 in Stealth
  1653 | D:3      | Reached XP level 4. HP: 4/29 MP: 1/4
  1710 | D:2      | Found Jojiv's Distillery.
  1918 | D:2      | Bought a potion of heal wounds for 50 gold pieces
  2132 | D:2      | Reached ** piety under Trog
  2261 | D:2      | Reached XP level 5. HP: 34/34 MP: 5/5
  2989 | D:3      | Gained mutation: You are partially covered in iridescent
                  | scales. (AC +2) [potion of mutation]
  2989 | D:3      | Gained mutation: You are mostly covered in iridescent
                  | scales. (AC +4) [potion of mutation]
  2989 | D:3      | Gained mutation: You have sharp toenails. [potion of
                  | mutation]
  2989 | D:3      | Gained mutation: Your mind is acute. (Int +2) [potion of
                  | mutation]
  3318 | D:4      | Noticed Blork the orc
  3318 | D:4      | Noticed Grinder
  3330 | D:4      | Killed Grinder
  3331 | D:4      | Reached skill level 5 in Maces & Flails
  3331 | D:4      | Reached XP level 6. HP: 40/40 MP: 3/6
  3335 | D:4      | Killed Blork the orc
  3336 | D:4      | Reached skill level 5 in Fighting
  3404 | D:4      | HP: 1/40 [ogre (15)]
  3409 | D:4      | HP: 2/60 [ogre (9)]
  3410 | D:4      | Demolished by an ogre

Illustrated notes

Levels and vault maps discovered:
D:1:      nicolae_arrival_kraken_aquarium_b, layout_loops_corners,
          dilly_ecumenical_altar_fadedgnrine, nrook_campfire
D:2:      minmay_skewed_foursquare, layout_basic, serial_shops, shop
D:3:      layout_loops_ring, feat_on_display
D:4:      layout_basic, serial_co_window_serial, co_window_paths_b,
          co_window_paths_a, co_window_paths_a, co_window_paths_b,
          co_window_corner_a, co_window_unsneaky_path_b, co_window_2corner,
          co_window_unsneaky_path_d, co_window_broadway_a, co_window_sun,
          co_window_paths_d, glass_columns_a, glass_columns_a, glass_columns_b,
          glass_columns_a, glass_columns_b, serial_bayou_pond_e,
          lightli_minifort, uniq_edmund, uniq_blork_the_orc, uniq_grinder

Skill      XL: |  1  2  3  4  5  6 |
---------------+-------------------+-----
Fighting       | 4 5 |  5.0
Stealth        | 1 2 |  2.1
Dodging        | 2 |  2.6
Maces & Flails | 4 5 |  5.3
Armour         | 3 |  3.0

Action                   |  1- 3 |  4- 6 || total
-------------------------+-------+-------++-------
Melee: Mace              |    85 |   122 ||   207
       Kick              |       |     5 ||     5
Invok: Berserk           |     1 |     2 ||     3
       Trog's Hand       |       |     1 ||     1
  Use: Scroll            |       |     6 ||     6
       Potion            |       |     3 ||     3
 Stab: Sleeping          |     2 |     1 ||     3
Armor: Animal skin       |    13 |       ||    13
       Leather armour    |     7 |    48 ||    55
Dodge: Dodged            |    65 |    69 ||   134

Table legend: (Time is in decaauts)
 A = Elapsed time spent in this place.
 B = Non-inter-level travel time spent in this place.
 C = Inter-level travel time spent in this place.
 D = Time resting spent in this place.
 E = Time spent auto-exploring this place.
 F = Levels seen in this place.
 G = Mean time per level.
                   A        B        C        D        E       F      G
               +--------+--------+--------+--------+--------+-----+--------+
         Total |   3475 |   3439 |     36 |    616 |   2093 |   4 |  868.8 |
       Dungeon |   3475 |   3439 |     36 |    616 |   2093 |   4 |  868.8 |
               +--------+--------+--------+--------+--------+-----+--------+

Top non-repeatable levels by time:
     D:2: 1316 daAuts
     D:1: 1185 daAuts
     D:3: 867 daAuts
     D:4: 105 daAuts
